 Dungeon Crawl Stone Soup version 0.31-a0-8-gd14b0f4ee2 (webtiles) character file.

Game seed: 9739145234977023981

62 Morbidden the Conjurer (level 4, -1/22 HPs)
             Began as a Vine Stalker Conjurer on May 7, 2023.
             Shot with an arrow by a centaur (4 damage)
             ... on level 3 of the Dungeon.
             The game lasted 00:02:21 (1931 turns).

Morbidden the Conjurer (Vine Stalker Conjurer)      Turns: 1931, Time: 00:02:21

Health: -1/22      AC:  3    Str: 10    XL:     4   Next: 8%
Magic:  0/9        EV: 12    Int: 20    God:
Gold:   133        SH:  0    Dex: 12    Spells: 5/8 levels left

rFire   . . .        a - +1 dagger (speed)
rCold   . . .        (no shield)
rNeg    . . .        f - +0 robe
rPois   .            o - +0 helmet
rElec   .            (no cloak)
rCorr   .            (no gloves)
SInv    +            (no boots)
Will    .....        r - amulet of magic regeneration
Stlth   ++           n - ring of see invisible
HPRegen 1.03/turn    (no ring)
MPRegen 0.51/turn

%: guardian spirit
@: no status effects
A: fangs 2, regeneration 1, magic shield, antimagic bite, no potion heal 2
a: no special abilities


You were on level 3 of the Dungeon.
You visited 1 branch of the dungeon, and saw 3 of its levels.

You collected 133 gold pieces.

Inventory:

Hand Weapons
 a - a +1 dagger of speed (weapon)
 k - a +0 short sword
Missiles
 e - 3 poisoned darts
Armour
 f - a +0 robe (worn)
 o - a +0 helmet (worn)
Jewellery
 n - a ring of see invisible (left hand)
 r - an amulet of magic regeneration (around neck)
Scrolls
 d - 2 scrolls of blinking {unknown}
 g - 3 scrolls of identify {unknown}
 i - a scroll of poison {unknown}
 l - a scroll of teleportation {unknown}
 p - a scroll of enchant weapon {unknown}
 q - a scroll of enchant armour {unknown}
Potions
 c - a potion of curing {unknown}
 h - a potion of degeneration {unknown}
 j - a potion of haste {unknown}
 m - a potion of flight {unknown}


   Skills:
 * Level 1.1 Fighting
 * Level 0.2 Short Blades
 * Level 0.3 Armour
 * Level 1.7 Dodging
 + Level 2.4 Stealth
 * Level 2.7 Spellcasting
 * Level 4.7 Conjurations


You had 5 spell levels left.
You knew the following spells:

 Your Spells              Type           Power      Damage    Failure   Level
a - Magic Dart            Conj           84%        1d7       1%          1
b - Searing Ray           Conj           42%        2d6       3%          2

Your spell library contained the following spells:

 Spells                   Type           Power      Damage    Failure   Level
 Dazzling Flash           Conj/Hex       24%        N/A       17%         3
 Blink                    Tloc           4%         N/A       22%         2
 Fulminant Prism          Conj/Hex       6%         3d7       50%         4
 Iskenderun's Mystic Bla  Conj/Tloc      12%        2d5       50%         4
 Manifold Assault         Tloc           2%         N/A       82%         4
 Storm Form               Tmut/Air       1%         N/A       100%        7


Dungeon Overview and Level Annotations

Branches:
Dungeon (3/15)

Altars:

Shops:
D:1 *

Portals:
Abyss: D:1***


Innate Abilities, Weirdness & Mutations

You have extremely sharp teeth.
Your natural rate of healing is unusually fast.
When hurt, damage is shared between your health and your magic reserves.
Your bite disrupts and absorbs the magic of your enemies.
Potions cannot restore your health.


Message History

The centaur shoots an arrow.
The arrow misses you.
A centaur is nearby!
Casting: Magic Dart (safe; 1% risk of failure)
Confirm with . or Enter, or press ? or * to list all spells.
Aiming: Magic Dart (safe; 1% risk of failure)
Press: ? - help, Shift-Dir - straight line, f/p - centaur
Aim: a centaur, wielding a +0 shortbow (100% to hit)
The magic dart hits the centaur but does no damage.
The centaur shoots an arrow.
The arrow hits you!
A centaur is nearby!
Casting: Magic Dart (safe; 1% risk of failure)
Confirm with . or Enter, or press ? or * to list all spells.
Aiming: Magic Dart (safe; 1% risk of failure)
Press: ? - help, Shift-Dir - straight line, f/p - centaur
Aim: a centaur, wielding a +0 shortbow (100% to hit)
The magic dart hits the centaur.
The centaur is moderately wounded.
The centaur shoots an arrow.
The arrow hits you!
* * * LOW HITPOINT WARNING * * *
A centaur is nearby!
Unknown command.
Unknown command.
Unknown command.
Unknown command.
Unknown command.
You aren't carrying any items that you can evoke.
Unknown command.
Unknown command.
Unknown command.
Okay, then.
Magic courses through your body.
The centaur shoots an arrow.
The arrow misses you.
Unknown command.
Unknown command.
Unknown command.
Unknown command.
The centaur shoots an arrow.
The arrow hits you!
* * * LOW HITPOINT WARNING * * *
The centaur shoots an arrow.
The arrow hits you!
You die...

## ##. .. ######.
######.##
.......##<.......
#.@.......##
#.#######... .c.
# ###. #. #. #.
#.


You could see a centaur.

Vanquished Creatures
  An adder (D:2)
  A dart slug (D:2)
  An orc (D:2)
  4 bats
  3 endoplasms (D:1)
  2 giant cockroaches (D:1)
  5 goblins
  6 hobgoblins
  A quokka (D:1)
  8 ball pythons
  4 frilled lizards
  8 kobolds
  3 rats
47 creatures vanquished.

Notes
Turn   | Place    | Note
-------+----------+-------------------------------------------
     0 | D:1      | Morbidden the Vine Stalker Conjurer began the quest for the
                  | Orb.
     0 | D:1      | Reached XP level 1. HP: 9/9 MP: 4/4
   221 | D:1      | Reached XP level 2. HP: 13/13 MP: 4/6
   523 | D:1      | Found Nemmar's Assorted Antiques.
   757 | D:1      | Found a faded altar of an unknown god.
   776 | D:1      | Reached XP level 3. HP: 17/17 MP: 4/7
  1197 | D:2      | Learned a level 2 spell: Searing Ray
  1470 | D:2      | Reached skill level 1 in Fighting
  1677 | D:2      | Gained mutation: Your natural rate of healing is unusually
                  | fast. [Vine Stalker growth]
  1677 | D:2      | Reached XP level 4. HP: 22/22 MP: 7/9
  1924 | D:3      | Noticed a centaur
  1931 | D:3      | Shot with an arrow by a centaur

Illustrated notes

Levels and vault maps discovered:
D:1:      minmay_arrival_glassed_features, layout_loops_ring,
          basic_ecumenical_altar, serial_shops, shop
D:2:      layout_basic
D:3:      layout_basic, ebering_ghost_rock_garden, roderic_serpentine_path

Skill      XL: |  1  2  3 |
---------------+----------+-----
Fighting       | 1 |  1.1
Short Blades   | |  0.2
Armour         | |  0.3
Dodging        | |  1.7
Stealth        | |  2.4
Spellcasting   | |  2.7
Conjurations   | |  4.7

Action                     |  1- 3 |  4- 6 || total
---------------------------+-------+-------++-------
  Melee: Unarmed           |     3 |       ||     3
         Bite              |     7 |       ||     7
         Dagger            |    28 |       ||    28
         Punch             |     1 |       ||     1
   Cast: Magic Dart        |    65 |    13 ||    78
    Use: Potion            |       |     1 ||     1
   Stab: Sleeping          |     1 |       ||     1
 Armour: Robe              |     4 |       ||     4
  Dodge: Dodged            |    19 |     3 ||    22

Table legend: (Time is in decaauts)
 A = Elapsed time spent in this place.
 B = Non-inter-level travel time spent in this place.
 C = Inter-level travel time spent in this place.
 D = Time resting spent in this place.
 E = Time spent auto-exploring this place.
 F = Levels seen in this place.
 G = Mean time per level.
                   A        B        C        D        E       F      G
               +--------+--------+--------+--------+--------+-----+--------+
         Total |   1919 |   1861 |     58 |      0 |   1611 |   3 |  639.7 |
       Dungeon |   1919 |   1861 |     58 |      0 |   1611 |   3 |  639.7 |
               +--------+--------+--------+--------+--------+-----+--------+

Top non-repeatable levels by time:
     D:1: 1170 daAuts
     D:2: 734 daAuts
     D:3: 14 daAuts
